 Dungeon Crawl Stone Soup version 0.23.1-38-g628c18f423 (webtiles) character file.

Game seed: 15205933836691470902

193 PentaManta the Covert (level 5, -5/25 HPs)
             Began as a Spriggan Assassin on Mar 29, 2019.
             Slain by a kobold
             ... wielding a +0 club
              (7 damage)
             ... on level 3 of the Dungeon.
             The game lasted 00:06:47 (2870 turns).

PentaManta the Covert (Spriggan Assassin)           Turns: 2870, Time: 00:06:48

Health: -5/25      AC:  3    Str:  7    XL:     5   Next: 43%
Magic:  6/6        EV: 20    Int: 13    God:
Gold:   123        SH:  0    Dex: 18    Spells: 4/4 levels left

rFire    . . .     SeeInvis +   h - +3 dagger
rCold    . . .     Gourm    .   (shield restricted)
rNeg     . . .     Faith    .   c - +0 robe
rPois    .         Spirit   .   (helmet restricted)
rElec    .         Reflect  .   d - +0 cloak
rCorr    .         Harm     .   (gloves unavailable)
MR       .....                  (boots unavailable)
Stlth    ++........             (no amulet)
HPRegen  0.08/turn              (no ring)
MPRegen  0.10/turn              (no ring)

@: lethally poisoned (-5 -> -15), slow
A: very small, unfitting armour, see invisible, herbivore, speed 3, slow
metabolism 2
a: no special abilities


You were on level 3 of the Dungeon.
You were not hungry.

You visited 1 branch of the dungeon, and saw 3 of its levels.

You collected 123 gold pieces.

Inventory:

Hand Weapons
 b - a +0 blowgun
 h - a +3 dagger (weapon)
Missiles
 e - 8 poisoned needles
 f - 2 curare-tipped needles
Armour
 c - a +0 robe (worn)
 d - a +0 cloak (worn)
Jewellery
 j - a cursed ring of teleportation {unknown}
 s - an uncursed amulet of guardian spirit {unknown}
Wands
 q - a wand of random effects (20)
Scrolls
 k - 2 scrolls of magic mapping {unknown}
 m - a scroll of teleportation {unknown}
 n - a scroll of fog {unknown}
 o - a scroll of fear {unknown}
 t - a scroll of identify {unknown}
 u - 2 scrolls of random uselessness {unknown}
Potions
 a - a potion of haste {unknown}
 i - a potion of might {unknown}
 l - a potion of ambrosia {unknown}
 p - a potion of curing {unknown}
 r - 2 potions of brilliance {unknown}
Comestibles
 g - 3 rations


   Skills:
 - Level 1.5 Fighting
 - Level 2.1 Short Blades
 - Level 2.0 Throwing
 + Level 4.6 Dodging
 * Level 9.1 Stealth


You had 4 spell levels left.
You didn't know any spells.
Your spell library was empty.

Dungeon Overview and Level Annotations

Branches:
Dungeon (3/15)

Altars:


Innate Abilities, Weirdness & Mutations

You are very small and have problems with some larger weapons.
You are too small for most types of armour.
You have supernaturally acute eyesight. (SInv)
You are a herbivore.
You cover ground extremely quickly.
You need to consume almost no food.


Message History

The ooze closely misses you. The kobold misses you.
The adder closely misses you. The adder bites you.
You are more poisoned.
The adder poisons you! The adder closely misses you.
The ooze completely misses you. The kobold completely misses you.
The adder completely misses you. The adder bites you.
* * * LOW HITPOINT WARNING * * *
The ooze misses you. The adder closely misses you.
* * * LOW HITPOINT WARNING * * *
You feel sick. The kobold closely misses you. The adder closely misses you. x2
The ooze hits you.
* * * LOW HITPOINT WARNING * * *
The adder bites you.
* * * LOW HITPOINT WARNING * * *
You are more poisoned.
The adder poisons you! The kobold misses you. The adder misses you.
The ooze completely misses you. The adder bites you but does no damage.
* * * LOW HITPOINT WARNING * * *
You feel sick. The adder misses you. The kobold hits you with a +0 club!
You die...

#.................
#.................
#.................
#................
##.>......
#.........
###(........
####..K#.......
#≈≈≈≈S@#.......
####.JS#.......
#............
#.......S.^.K.
#..........#.#.
#..........#..
#...$.......
#..........##


You could see an ooze, 2 adders and a kobold.

Vanquished Creatures
  A hound (D:3)
  Terence (D:2)
  Robin (D:3)
  5 adders (D:2)
  2 oozes
  A worm (D:2)
  A dart slug (D:2)
  An orc (D:3)
  7 bats
  3 giant cockroaches
  13 goblins
  18 hobgoblins
  3 jackals (D:1)
  3 kobolds
  2 ball pythons
  A frilled lizard (D:3)
  7 rats
70 creatures vanquished.

Notes
Turn   | Place    | Note
-------+----------+-------------------------------------------
     0 | D:1      | PentaManta the Spriggan Assassin began the quest for the
                  | Orb.
     0 | D:1      | Reached XP level 1. HP: 10/10 MP: 2/2
    83 | D:1      | Reached skill level 6 in Stealth
   169 | D:1      | Reached XP level 2. HP: 10/14 MP: 3/3
   687 | D:1      | Reached skill level 7 in Stealth
   690 | D:1      | Reached XP level 3. HP: 18/18 MP: 4/4
   982 | D:2      | Noticed Terence
  1101 | D:2      | Reached XP level 4. HP: 22/22 MP: 5/5
  1583 | D:2      | Reached skill level 8 in Stealth
  2002 | D:2      | Killed Terence
  2114 | D:3      | Noticed Robin
  2326 | D:2      | Reached XP level 5. HP: 25/25 MP: 6/6
  2337 | D:3      | Killed Robin
  2426 | D:3      | Reached skill level 9 in Stealth
  2870 | D:3      | Slain by a kobold

Skill      XL: |  1  2  3  4  5 |
---------------+----------------+-----
Stealth        | 6 7 8 9 |  9.1
Dodging        | 2 3 4 |  4.6
Fighting       | |  1.5
Short Blades   | |  2.1
Throwing       | |  2.0

Action                   |  1- 3 |  4- 6 || total
-------------------------+-------+-------++-------
Melee: Dagger            |    69 |   126 ||   195
Evoke: Wand              |       |     8 ||     8
 Stab: Sleeping          |     9 |     9 ||    18
       Paralysed         |       |     1 ||     1
       Confused          |       |     1 ||     1
Armor: Robe              |     6 |     9 ||    15
Dodge: Dodged            |    41 |   155 ||   196
